Celery, chaotic female sylph Rogue ... ).. II--. |...| ---.-- |...-- --..| |<.| ---- Celery the Cutpurse Experience level: 3 Strength: 13 Dexterity: 20 Constitution: 13 Intelligence: 11 Wisdom: 11 Charisma: 8 Health: 0(27) Energy: 12(12) Def: 0 Gold: 242 Moves: 3189 Dungeon seed: -NtRQLAGTvUELA8k Game ID: Celery_1469475414 Your Inventory: Coins $ - 242 gold pieces Amulets L - an uncursed amulet versus poison (being worn) Weapons a - an uncursed +0 short sword (alternate weapon; not wielded) b - 10 uncursed +0 daggers (in quiver) P - an uncursed +0 elven dagger (weapon in hand) Z - 5 uncursed +0 daggers Armor e - an uncursed +1 leather armor n - an uncursed +0 dwarvish cloak (being worn) Comestibles T - 2 uncursed food rations Rings t - an uncursed ring of polymorph control V - an uncursed ring of conflict Wands h - an uncursed wand of opening (1:5) Tools c - 7 uncursed tallow candles (0:200) d - an uncursed lock pick f - an uncursed sack g - an uncursed blindfold Contents of the sack: 65 gold pieces an uncursed scroll of confuse monster an uncursed scroll of scare monster an uncursed potion of gain energy an uncursed potion of healing an uncursed potion of sickness Spells and supernatural/magical abilities: Name Level Category Fail Memory W - pray for help -- divine ? -- Your skills at the end: Miscellaneous Skills wands [Basic] Weapon Skills dagger [Basic] short sword [Basic] Spellcasting Skills healing spells [Basic] Final Attributes: You were piously aligned. You were poison resistant. You saw invisible. You were stealthy. You were protected from shape changers. You are dead. Vanquished creatures: a wererat a hobbit 2 geckos a brown mold a yellow mold a gnome 6 jackals 2 foxes a kobold 9 newts 3 sewer rats 6 grid bugs 5 lichens a kobold zombie 40 creatures vanquished. Voluntary challenges: You followed a strict vegan diet. You used a wielded weapon 19 times, starting on turn 17. You did not apply a unicorn horn. You read items or engraved 2 times, starting on turn 1425. You never genocided any monsters. You never polymorphed an object. You never changed form. You used no wishes. You never split a pudding. You never wrote Elbereth's name. You never violated your personal moral code. Dungeon overview: The Dungeons of Doom: levels 1 to 3 Level 1 a long staircase Level 2 some fountains, a sink Level 3 an altar to Issek, a fountain stairs to The Gnomish Mines The Gnomish Mines: Level 4 <- You were here stairs to The Dungeons of Doom History has recorded: On T:1 you entered the Dungeons of Doom to retrieve the Amulet of Yendor! On T:746 you advanced to experience level 2. On T:1577 you reached level 2 of The Dungeons of Doom. On T:2084 you advanced to experience level 3. On T:2275 you reached level 3 of The Dungeons of Doom. On T:3167 you reached level 1 of The Gnomish Mines. Score breakdown: Gold: 307 ( 30 points) Experience: 3 levels ( 200 points) Exploration: 4 levels ( 90 points) Discoveries: 6 items ( 300 points) Variety of kills: 14 monsters ( 700 points) Major goal: (nothing yet) ( 0 points) Survival: died (score multiplied by 3) Total score: 3960 Latest messages: The gnome lord hits! The gnome lord punches you! You throw 2 daggers. The 1st dagger hits the gnome lord. The 2nd dagger hits the gnome lord. The gnome lord swings his crossbow. The gnome lord hits! The gnome lord punches you! The dagger hits the gnome lord. You throw 2 daggers. The 1st dagger hits the gnome lord. The 2nd dagger hits the gnome lord. The gnome lord swings his crossbow. The gnome lord hits! The gnome lord punches you! The gnome lord hurls a sky blue potion! The carafe crashes on your head and breaks into shards. You feel rather tired. Something hits! Something punches you! (2x) Something hits! Something punches you! (2x) You die... Final status: Goodbye Celery the Rogue, killed by a gnome lord, while sleeping off potion vapours... You died in The Gnomish Mines on dungeon level 4 with 3960 points, and 307 pieces of gold, after 3189 moves. You were level 3 with a maximum of 27 hit points when you died.